General information
- name: BNet
- type: Ladder team game (AT/RT)
- host: Battle.net
- saver: highperches
map: Friends
- players: 8
- length: 56:43
- speed: Fast
- version: 1.21 W3XP
- replay type: Public
» download(553 KB)
Players
team 1 (loser)

»
HubbyBubby (
blue | 102 APM | 5394 actions | 52:42)
6 Archmage
3 Summon Water Elemental
2 Brilliance Aura
1 Mass Teleport
» actions
| Assign group hotkey | 127 | |
| Basic commands | 69 | |
| Build / train | 182 | |
| Enter build submenu | 30 | |
| Enter hero's abilities submenu | 6 | |
| Remove unit from queue | 3 | |
| Right click | 2364 | |
| Select / deselect | 827 | |
| Select group hotkey | 1667 | |
| Use ability | 119 | |
5394 total
» units
| Peasant | 15 | |
| Footman | 13 | |
| Mortar Team | 19 | |
| Rifleman | 4 | |
| Flying Machine | 63 | |
114 total
» upgrades
| Gunpowder | 3 | |
| Armor | 1 | |
| Flying Machine Bombs | 1 | |
| Flak Cannons | 1 | |
| Fragmentation Shards | 1 | |
7 total
» buildings
| Altar of Kings | 1 | |
| Barracks | 1 | |
| Farm | 11 | |
| Scout Tower | 1 | |
| Arcane Tower | 1 | |
| Keep | 4 | |
| Lumber Mill | 2 | |
| Arcane Vault | 1 | |
| Blacksmith | 1 | |
| Workshop | 3 | |
| Castle | 1 | |
27 total
» build order
00:06 Altar of Kings
00:21 Barracks
00:43 Farm
00:56 Farm
01:43 Scout Tower
02:19 Arcane Tower
03:13 Keep
03:13 Keep
03:13 Keep
03:42 Lumber Mill
04:07 Farm
04:16 Arcane Vault
06:34 Blacksmith
07:15 Workshop
07:17 Workshop
07:30 Farm
10:38 Farm
10:41 Farm
19:41 Farm
19:42 Farm
22:30 Workshop
22:32 Farm
24:12 Farm
26:36 Farm
34:31 Castle
39:14 Lumber Mill
» items
| Healing Salve | 7 | |
| Lesser Clarity Potion | 15 | |
| Scroll of Regeneration | 7 | |
| Scroll of Town Portal | 2 | |
| Potion of Healing | 2 | |
33 total
kleiner_wichser (
orange | 74 APM | 3898 actions | 52:38)
6 Archmage
3 Summon Water Elemental
2 Brilliance Aura
1 Mass Teleport
6 Mountain King
3 Storm Bolt
2 Bash
1 Avatar
6 Paladin
3 Holy Light
2 Divine Shield
1 Resurrection
» actions
| Assign group hotkey | 69 | |
| Basic commands | 408 | |
| Build / train | 194 | |
| Enter build submenu | 51 | |
| Enter hero's abilities submenu | 18 | |
| Give item / drop item | 2 | |
| Remove unit from queue | 4 | |
| Right click | 1391 | |
| Select / deselect | 951 | |
| Select group hotkey | 482 | |
| Use ability | 328 | |
3898 total
» units
| Peasant | 31 | |
| Footman | 6 | |
| Gryphon Rider | 8 | |
| Dragonhawk Rider | 16 | |
| Goblin Zeppelin | 2 | |
| Mortar Team | 13 | |
| Siege Engine | 19 | |
| Flying Machine | 9 | |
104 total
» upgrades
| Lumber Harvesting | 1 | |
| Animal War Training | 1 | |
| Cloud | 1 | |
| Fragmentation Shards | 1 | |
| Barrage | 1 | |
| Flak Cannons | 1 | |
| Swords | 3 | |
| Plating | 2 | |
| Masonry | 2 | |
| Magic Sentry | 1 | |
14 total
» buildings
| Altar of Kings | 1 | |
| Barracks | 1 | |
| Farm | 14 | |
| Keep | 1 | |
| Lumber Mill | 1 | |
| Scout Tower | 13 | |
| Arcane Tower | 1 | |
| Arcane Vault | 2 | |
| Blacksmith | 1 | |
| Gryphon Aviary | 2 | |
| Castle | 1 | |
| Workshop | 8 | |
| Town Hall | 4 | |
| Guard Tower | 17 | |
| Arcane Sanctum | 1 | |
68 total
» build order
00:10 Altar of Kings
00:25 Barracks
00:40 Farm
01:15 Farm
02:12 Farm
03:18 Keep
03:23 Lumber Mill
03:48 Farm
04:34 Scout Tower
05:38 Arcane Tower
05:54 Arcane Vault
06:20 Blacksmith
06:58 Gryphon Aviary
07:18 Castle
08:13 Gryphon Aviary
08:21 Workshop
09:32 Town Hall
10:11 Farm
10:37 Workshop
11:42 Farm
13:02 Farm
14:01 Farm
14:08 Town Hall
14:23 Farm
24:35 Workshop
27:06 Farm
32:23 Farm
32:42 Farm
34:31 Scout Tower
34:37 Scout Tower
34:41 Scout Tower
34:55 Guard Tower
34:55 Guard Tower
35:06 Guard Tower
35:06 Guard Tower
35:08 Scout Tower
35:10 Guard Tower
35:11 Guard Tower
35:14 Guard Tower
35:14 Guard Tower
35:17 Scout Tower
35:48 Farm
35:51 Guard Tower
38:18 Town Hall
40:03 Farm
40:18 Arcane Vault
40:46 Scout Tower
41:11 Scout Tower
44:22 Guard Tower
44:22 Guard Tower
47:00 Arcane Sanctum
48:06 Scout Tower
48:21 Town Hall
49:05 Scout Tower
49:07 Guard Tower
49:17 Guard Tower
49:33 Guard Tower
49:33 Guard Tower
49:39 Guard Tower
49:50 Workshop
49:53 Workshop
50:18 Workshop
50:21 Workshop
50:40 Workshop
50:42 Scout Tower
50:57 Scout Tower
51:21 Scout Tower
» items
| Scroll of Regeneration | 3 | |
| Potion of Healing | 3 | |
| Scroll of Town Portal | 5 | |
| Ivory Tower | 17 | |
28 total

»
Orion_Boo (
purple | 49 APM | 2759 actions | 56:10)
5 Demon Hunter
3 Mana Burn
2 Evasion
» actions
| Assign group hotkey | 68 | |
| Basic commands | 87 | |
| Build / train | 76 | |
| Enter build submenu | 25 | |
| Enter hero's abilities submenu | 5 | |
| Right click | 1300 | |
| Select / deselect | 353 | |
| Select group hotkey | 806 | |
| Use ability | 39 | |
2759 total
» units
| Wisp | 21 | |
| Huntress | 4 | |
| Dryad | 4 | |
| Chimaera | 21 | |
| Hippogryph | 2 | |
52 total
» upgrades
| Abolish Magic | 1 | |
| Reinforced Hides | 3 | |
| Corrosive Breath | 1 | |
| Strength of the Wild | 3 | |
| Ultravision | 1 | |
| Well Spring | 1 | |
10 total
» buildings
| Altar of Elders | 1 | |
| Moon Well | 6 | |
| Hunter's Hall | 1 | |
| Ancient of War | 1 | |
| Tree of Ages | 1 | |
| Ancient of Wonders | 1 | |
| Ancient Protector | 4 | |
| Ancient of Lore | 2 | |
| Tree of Eternity | 1 | |
| Ancient of Wind | 1 | |
| Chimaera Roost | 3 | |
22 total
» build order
00:07 Altar of Elders
00:20 Moon Well
01:48 Hunter's Hall
01:53 Ancient of War
02:09 Moon Well
03:03 Tree of Ages
03:12 Moon Well
04:33 Moon Well
04:38 Ancient of Wonders
05:00 Ancient Protector
05:40 Ancient of Lore
05:54 Ancient of Lore
06:32 Ancient Protector
06:37 Tree of Eternity
06:42 Ancient of Wind
07:25 Ancient Protector
09:17 Chimaera Roost
09:20 Chimaera Roost
09:23 Chimaera Roost
10:12 Moon Well
15:27 Moon Well
22:50 Ancient Protector
» items
| Staff of Preservation | 1 | |
| Potion of Healing | 2 | |
| Ankh of Reincarnation | 1 | |
| Scroll of Town Portal | 1 | |
| Orb of Venom | 1 | |
6 total
train.accc (
red | 116 APM | 6116 actions | 52:50)
6 Blademaster
2 Wind Walk
3 Critical Strike
1 Bladestorm
4 Tauren Chieftain
2 Shockwave
2 Endurance Aura
» actions
| Assign group hotkey | 25 | |
| Basic commands | 6 | |
| Build / train | 156 | |
| ESC pressed | 1 | |
| Enter build submenu | 62 | |
| Enter hero's abilities submenu | 10 | |
| Give item / drop item | 10 | |
| Remove unit from queue | 16 | |
| Right click | 3705 | |
| Select / deselect | 1105 | |
| Select group hotkey | 783 | |
| Use ability | 237 | |
6116 total
» units
| Peon | 34 | |
| Grunt | 4 | |
| Demolisher | 12 | |
| Troll Batrider | 19 | |
| Wind Rider | 1 | |
70 total
» upgrades
| Reinforced Defenses | 1 | |
| Burning Oil | 1 | |
| Ensnare | 1 | |
| Envenomed Spears | 0 | |
| Liquid Fire | 1 | |
4 total
» buildings
| Altar of Storms | 1 | |
| Orc Burrow | 11 | |
| Barracks | 1 | |
| Voodoo Lounge | 4 | |
| Stronghold | 1 | |
| War Mill | 3 | |
| Fortress | 1 | |
| Watch Tower | 33 | |
| Beastiary | 2 | |
57 total
» build order
00:08 Altar of Storms
00:16 Orc Burrow
00:44 Barracks
01:27 Orc Burrow
01:59 Voodoo Lounge
03:09 Stronghold
04:12 Orc Burrow
04:14 War Mill
06:16 Fortress
06:49 Watch Tower
07:12 Orc Burrow
09:10 Watch Tower
09:11 Watch Tower
09:14 Watch Tower
09:55 Orc Burrow
10:25 Watch Tower
10:26 Watch Tower
10:50 Watch Tower
11:19 Watch Tower
11:23 Watch Tower
11:24 Watch Tower
11:48 Watch Tower
12:11 Voodoo Lounge
14:05 Watch Tower
15:23 Watch Tower
15:57 Watch Tower
15:57 Watch Tower
17:55 Watch Tower
17:56 Watch Tower
17:56 Watch Tower
19:41 Watch Tower
19:51 Watch Tower
19:52 Watch Tower
20:56 Watch Tower
20:58 Watch Tower
22:28 Watch Tower
22:36 Watch Tower
23:46 Watch Tower
24:15 Beastiary
24:17 Beastiary
25:32 Watch Tower
25:34 Watch Tower
30:35 War Mill
31:01 Watch Tower
31:03 War Mill
31:08 Orc Burrow
32:15 Orc Burrow
32:16 Orc Burrow
35:56 Watch Tower
39:18 Watch Tower
40:41 Voodoo Lounge
41:03 Voodoo Lounge
44:05 Orc Burrow
44:07 Orc Burrow
44:21 Orc Burrow
45:56 Watch Tower
45:58 Watch Tower
» items
| Healing Salve | 6 | |
| Lesser Clarity Potion | 10 | |
| Scroll of Speed | 6 | |
| Potion of Healing | 9 | |
| Potion of Mana | 3 | |
| Orb of Lightning | 2 | |
| Scroll of Town Portal | 9 | |
| Tiny Great Hall | 2 | |
| Staff of Preservation | 1 | |
| Staff of Sanctuary | 1 | |
| Scroll of Regeneration | 2 | |
51 total
team 2 (winner)
ChiefSitsOnDix (
green | 36 APM | 2008 actions | 56:10)
6 Blademaster
3 Wind Walk
2 Critical Strike
1 Bladestorm
» actions
| Assign group hotkey | 26 | |
| Basic commands | 12 | |
| Build / train | 91 | |
| ESC pressed | 16 | |
| Enter build submenu | 71 | |
| Enter hero's abilities submenu | 6 | |
| Give item / drop item | 2 | |
| Right click | 871 | |
| Select / deselect | 333 | |
| Select group hotkey | 358 | |
| Use ability | 222 | |
2008 total
» units
» upgrades
| Ranged Weapons | 2 | |
| Armor | 1 | |
| Liquid Fire | 1 | |
4 total
» buildings
| Altar of Storms | 2 | |
| Orc Burrow | 12 | |
| War Mill | 2 | |
| Watch Tower | 32 | |
| Voodoo Lounge | 2 | |
| Stronghold | 3 | |
| Fortress | 2 | |
| Beastiary | 7 | |
| Great Hall | 4 | |
66 total
» build order
00:09 Altar of Storms
00:24 Orc Burrow
00:50 War Mill
01:32 Orc Burrow
02:03 Watch Tower
02:26 Watch Tower
03:12 Watch Tower
03:18 Voodoo Lounge
03:40 Watch Tower
03:46 Watch Tower
03:53 Watch Tower
04:41 Stronghold
04:55 Watch Tower
05:04 Watch Tower
05:44 Watch Tower
05:47 Watch Tower
06:51 Watch Tower
06:52 Watch Tower
06:53 Watch Tower
06:54 Watch Tower
07:22 Watch Tower
07:23 Watch Tower
07:24 Watch Tower
07:25 Watch Tower
07:26 Watch Tower
07:28 Watch Tower
07:45 Fortress
08:18 Watch Tower
08:21 Watch Tower
09:00 Fortress
09:57 Watch Tower
10:00 Watch Tower
10:38 Beastiary
10:43 Orc Burrow
10:44 Orc Burrow
11:58 Beastiary
12:53 Voodoo Lounge
14:34 Great Hall
16:09 Watch Tower
16:10 Watch Tower
16:12 Watch Tower
16:13 Watch Tower
16:20 Watch Tower
16:21 Watch Tower
16:22 Watch Tower
16:23 Watch Tower
17:06 Beastiary
17:07 Beastiary
18:31 War Mill
18:46 Orc Burrow
19:34 Orc Burrow
19:35 Orc Burrow
19:36 Orc Burrow
20:48 Great Hall
25:12 Altar of Storms
30:43 Great Hall
35:09 Stronghold
37:49 Beastiary
38:06 Beastiary
38:28 Beastiary
45:59 Orc Burrow
46:06 Orc Burrow
46:26 Orc Burrow
47:11 Orc Burrow
48:25 Great Hall
53:15 Stronghold
» items
| Lesser Clarity Potion | 3 | |
| Healing Salve | 2 | |
| Potion of Healing | 2 | |
| Orb of Lightning | 1 | |
| Boots of Quel'Thalas +6 | 2 | |
| Potion of Mana | 1 | |
| Scroll of Town Portal | 1 | |
| Potion of Divinity | 3 | |
| Inferno Stone | 1 | |
16 total
highperches (
yellow | 127 APM | 7192 actions | 56:43)
8 Dark Ranger
3 Black Arrow
3 Silence
1 Charm
1 Life Drain
» actions
| Assign group hotkey | 1058 | |
| Basic commands | 37 | |
| Build / train | 100 | |
| ESC pressed | 3 | |
| Enter build submenu | 36 | |
| Enter hero's abilities submenu | 9 | |
| Give item / drop item | 3 | |
| Remove unit from queue | 14 | |
| Right click | 4465 | |
| Select / deselect | 765 | |
| Select group hotkey | 356 | |
| Use ability | 346 | |
7192 total
» units
| Wisp | 30 | |
| Chimaera | 3 | |
| Druid of the Talon | -2 | |
| Hippogryph | 3 | |
34 total
» upgrades
| Nature's Blessing | 1 | |
| Well Spring | 1 | |
| Ultravision | 1 | |
| Strength of the Wild | 3 | |
| Reinforced Hides | 2 | |
| Corrosive Breath | 1 | |
9 total
» buildings
| Moon Well | 18 | |
| Altar of Elders | 1 | |
| Tree of Ages | 1 | |
| Tree of Life | 1 | |
| Hunter's Hall | 1 | |
| Tree of Eternity | 2 | |
| Ancient of Wind | 1 | |
| Chimaera Roost | 4 | |
| Ancient of Wonders | 1 | |
| War Mill | 1 | |
31 total
» build order
00:19 Moon Well
00:53 Altar of Elders
01:02 Moon Well
06:21 Moon Well
06:22 Moon Well
08:28 Moon Well
08:29 Moon Well
08:41 Tree of Ages
09:16 Tree of Life
10:35 Hunter's Hall
11:08 Tree of Eternity
18:51 Ancient of Wind
20:01 Chimaera Roost
20:01 Chimaera Roost
20:04 Chimaera Roost
20:05 Chimaera Roost
29:13 Moon Well
29:13 Moon Well
29:14 Moon Well
29:16 Moon Well
29:29 Ancient of Wonders
33:25 Moon Well
33:25 Moon Well
33:26 Moon Well
33:27 Moon Well
39:21 Moon Well
39:22 Moon Well
39:23 Moon Well
39:23 Moon Well
46:35 War Mill
» items
| Potion of Healing | 7 | |
| Scroll of Town Portal | 6 | |
| Staff of Sanctuary | 1 | |
| Sobi Mask | 1 | |
15 total
iggy_the_fisk (
pink | 96 APM | 5408 actions | 56:10)
4 Archmage
2 Blizzard
2 Brilliance Aura
3 Pandaren Brewmaster
2 Breath of Fire
1 Drunken Haze
3 Blood Mage
2 Flame Strike
1 Siphon Mana
» actions
| Assign group hotkey | 72 | |
| Basic commands | 8 | |
| Build / train | 255 | |
| Enter build submenu | 201 | |
| Enter hero's abilities submenu | 10 | |
| Give item / drop item | 2 | |
| Remove unit from queue | 1 | |
| Right click | 2702 | |
| Select / deselect | 839 | |
| Select group hotkey | 870 | |
| Use ability | 448 | |
5408 total
» units
| Peasant | 69 | |
| Dragonhawk Rider | 7 | |
76 total
» upgrades
| Masonry | 3 | |
| Lumber Harvesting | 2 | |
| Magic Sentry | 1 | |
| Animal War Training | 1 | |
| Swords | 2 | |
| Armor | 2 | |
11 total
» buildings
| Altar of Kings | 1 | |
| Farm | 12 | |
| Lumber Mill | 2 | |
| Scout Tower | 236 | |
| Arcane Tower | 2 | |
| Guard Tower | 91 | |
| Keep | 1 | |
| Arcane Vault | 4 | |
| Castle | 1 | |
| Gryphon Aviary | 2 | |
| Blacksmith | 1 | |
| Arcane Sanctum | 1 | |
| Workshop | 1 | |
| Town Hall | 2 | |
| Cannon Tower | 19 | |
| Barracks | 1 | |
377 total
» build order
00:19 Altar of Kings
00:48 Farm
01:00 Lumber Mill
01:14 Farm
01:37 Scout Tower
02:06 Scout Tower
02:10 Arcane Tower
02:13 Scout Tower
02:31 Scout Tower
02:39 Guard Tower
02:39 Guard Tower
02:41 Guard Tower
03:30 Scout Tower
03:46 Scout Tower
03:48 Scout Tower
03:55 Scout Tower
04:02 Scout Tower
04:12 Guard Tower
04:17 Scout Tower
04:19 Scout Tower
04:22 Guard Tower
04:24 Scout Tower
04:28 Scout Tower
04:33 Guard Tower
04:35 Scout Tower
04:39 Scout Tower
04:49 Guard Tower
05:04 Guard Tower
05:28 Scout Tower
05:32 Scout Tower
05:34 Guard Tower
05:37 Scout Tower
05:54 Guard Tower
05:58 Guard Tower
06:20 Scout Tower
06:22 Scout Tower
06:30 Guard Tower
06:32 Scout Tower
06:38 Scout Tower
06:40 Scout Tower
06:53 Scout Tower
06:54 Guard Tower
06:55 Keep
06:57 Scout Tower
06:58 Scout Tower
07:10 Guard Tower
07:12 Scout Tower
07:13 Scout Tower
07:15 Scout Tower
07:16 Scout Tower
07:31 Guard Tower
07:52 Guard Tower
08:11 Guard Tower
08:28 Guard Tower
08:33 Scout Tower
08:35 Scout Tower
08:36 Scout Tower
08:43 Scout Tower
08:48 Scout Tower
08:49 Scout Tower
08:53 Scout Tower
08:56 Guard Tower
08:58 Scout Tower
08:59 Scout Tower
09:14 Guard Tower
09:22 Guard Tower
09:25 Guard Tower
09:27 Farm
09:28 Farm
09:30 Scout Tower
09:31 Scout Tower
09:32 Scout Tower
09:34 Scout Tower
09:35 Scout Tower
09:39 Guard Tower
09:41 Scout Tower
09:42 Scout Tower
09:51 Scout Tower
09:53 Scout Tower
09:56 Guard Tower
09:59 Scout Tower
10:01 Scout Tower
10:09 Arcane Vault
10:13 Guard Tower
10:24 Guard Tower
11:00 Guard Tower
11:01 Scout Tower
11:02 Scout Tower
11:13 Guard Tower
11:19 Guard Tower
11:26 Guard Tower
11:33 Guard Tower
11:34 Castle
11:41 Scout Tower
11:41 Scout Tower
12:03 Arcane Vault
12:10 Scout Tower
12:11 Scout Tower
12:15 Scout Tower
12:16 Scout Tower
12:39 Guard Tower
12:42 Guard Tower
13:11 Guard Tower
13:14 Scout Tower
13:31 Scout Tower
14:45 Guard Tower
14:59 Scout Tower
15:24 Scout Tower
15:26 Scout Tower
15:26 Scout Tower
15:31 Scout Tower
15:32 Scout Tower
15:45 Scout Tower
15:47 Scout Tower
15:48 Scout Tower
15:50 Scout Tower
15:52 Scout Tower
15:55 Scout Tower
15:59 Guard Tower
16:14 Gryphon Aviary
16:26 Guard Tower
17:03 Guard Tower
17:05 Farm
17:07 Farm
17:07 Farm
17:09 Blacksmith
18:13 Scout Tower
19:09 Guard Tower
19:11 Scout Tower
19:59 Guard Tower
20:01 Scout Tower
20:02 Scout Tower
20:04 Scout Tower
20:16 Arcane Sanctum
20:22 Scout Tower
20:22 Scout Tower
20:27 Scout Tower
20:28 Scout Tower
20:42 Guard Tower
21:16 Guard Tower
21:18 Scout Tower
21:26 Scout Tower
21:38 Scout Tower
21:39 Scout Tower
21:41 Guard Tower
21:51 Guard Tower
22:00 Scout Tower
22:07 Scout Tower
22:08 Scout Tower
22:09 Guard Tower
22:31 Guard Tower
22:33 Scout Tower
22:34 Scout Tower
22:56 Scout Tower
23:00 Scout Tower
23:15 Guard Tower
23:29 Scout Tower
23:33 Guard Tower
23:34 Scout Tower
23:34 Scout Tower
23:36 Scout Tower
23:37 Scout Tower
23:48 Scout Tower
23:49 Scout Tower
24:11 Scout Tower
24:12 Scout Tower
24:26 Guard Tower
24:29 Guard Tower
24:39 Guard Tower
24:41 Scout Tower
24:42 Scout Tower
24:44 Scout Tower
24:45 Scout Tower
24:45 Scout Tower
24:46 Scout Tower
24:49 Guard Tower
25:11 Lumber Mill
25:23 Arcane Tower
26:08 Guard Tower
26:12 Scout Tower
26:12 Scout Tower
26:15 Scout Tower
26:16 Scout Tower
26:23 Scout Tower
26:24 Scout Tower
26:27 Scout Tower
26:56 Guard Tower
27:13 Guard Tower
28:00 Scout Tower
28:07 Scout Tower
28:30 Guard Tower
28:44 Guard Tower
28:51 Scout Tower
28:53 Arcane Vault
29:10 Workshop
29:17 Farm
30:10 Guard Tower
30:17 Scout Tower
30:17 Scout Tower
30:41 Scout Tower
30:42 Scout Tower
30:47 Farm
30:56 Scout Tower
30:57 Scout Tower
31:01 Scout Tower
31:02 Scout Tower
31:10 Town Hall
31:37 Scout Tower
31:38 Scout Tower
32:36 Cannon Tower
32:47 Cannon Tower
33:00 Cannon Tower
33:57 Cannon Tower
34:16 Cannon Tower
34:19 Cannon Tower
34:28 Scout Tower
34:30 Scout Tower
35:37 Guard Tower
35:50 Barracks
36:46 Scout Tower
36:54 Scout Tower
36:57 Scout Tower
37:34 Guard Tower
38:25 Gryphon Aviary
38:33 Town Hall
38:36 Scout Tower
38:37 Scout Tower
38:39 Scout Tower
38:39 Scout Tower
38:43 Scout Tower
38:44 Scout Tower
38:45 Scout Tower
38:54 Arcane Vault
39:14 Guard Tower
39:38 Scout Tower
39:39 Scout Tower
39:58 Scout Tower
39:59 Scout Tower
40:00 Scout Tower
40:01 Scout Tower
40:02 Scout Tower
40:03 Scout Tower
40:09 Guard Tower
40:10 Scout Tower
40:13 Scout Tower
40:14 Scout Tower
40:15 Scout Tower
40:15 Scout Tower
40:16 Scout Tower
40:17 Scout Tower
40:17 Scout Tower
40:18 Scout Tower
40:20 Scout Tower
40:20 Scout Tower
40:21 Scout Tower
40:22 Scout Tower
40:23 Scout Tower
40:24 Scout Tower
40:24 Scout Tower
40:26 Scout Tower
40:26 Scout Tower
40:27 Scout Tower
40:41 Guard Tower
40:48 Scout Tower
40:52 Scout Tower
40:53 Scout Tower
41:30 Guard Tower
41:34 Scout Tower
41:35 Scout Tower
42:13 Guard Tower
42:29 Scout Tower
42:30 Scout Tower
43:48 Guard Tower
43:50 Scout Tower
43:52 Scout Tower
43:59 Guard Tower
44:08 Scout Tower
44:09 Scout Tower
44:42 Guard Tower
44:58 Scout Tower
44:59 Scout Tower
45:00 Scout Tower
45:01 Scout Tower
45:02 Guard Tower
45:05 Scout Tower
45:06 Scout Tower
45:07 Scout Tower
45:08 Scout Tower
45:08 Scout Tower
45:09 Scout Tower
45:10 Scout Tower
45:10 Scout Tower
45:41 Guard Tower
45:43 Scout Tower
45:44 Scout Tower
45:45 Scout Tower
45:46 Scout Tower
45:49 Guard Tower
45:54 Scout Tower
45:55 Scout Tower
45:56 Scout Tower
45:57 Scout Tower
45:58 Scout Tower
45:58 Scout Tower
45:59 Scout Tower
46:00 Scout Tower
46:01 Guard Tower
46:09 Guard Tower
46:23 Guard Tower
46:57 Scout Tower
46:58 Scout Tower
46:59 Scout Tower
46:59 Scout Tower
47:01 Scout Tower
47:01 Scout Tower
47:04 Scout Tower
47:05 Scout Tower
47:06 Scout Tower
47:07 Scout Tower
47:10 Scout Tower
47:12 Scout Tower
47:13 Guard Tower
48:20 Guard Tower
48:34 Guard Tower
49:17 Guard Tower
49:20 Guard Tower
49:37 Farm
49:39 Farm
49:42 Farm
50:26 Cannon Tower
50:28 Cannon Tower
50:41 Guard Tower
50:53 Scout Tower
50:54 Scout Tower
50:56 Scout Tower
50:57 Scout Tower
50:59 Scout Tower
51:01 Scout Tower
51:02 Scout Tower
51:04 Scout Tower
51:05 Scout Tower
51:07 Scout Tower
51:28 Scout Tower
51:29 Scout Tower
51:30 Scout Tower
51:32 Scout Tower
51:33 Scout Tower
51:35 Scout Tower
51:36 Scout Tower
52:27 Cannon Tower
52:28 Cannon Tower
52:28 Cannon Tower
52:39 Cannon Tower
53:53 Cannon Tower
53:55 Guard Tower
54:10 Guard Tower
54:12 Guard Tower
54:13 Cannon Tower
54:14 Guard Tower
54:14 Cannon Tower
54:15 Guard Tower
54:16 Cannon Tower
54:16 Guard Tower
54:17 Cannon Tower
54:18 Guard Tower
54:19 Guard Tower
54:20 Cannon Tower
54:21 Cannon Tower
54:24 Guard Tower
54:24 Guard Tower
55:34 Guard Tower
55:37 Scout Tower
55:38 Scout Tower
55:40 Scout Tower
55:41 Scout Tower
55:43 Scout Tower
55:45 Scout Tower
» items
| Scroll of Regeneration | 10 | |
| Lesser Clarity Potion | 7 | |
| Potion of Healing | 3 | |
| Potion of Mana | 2 | |
| Staff of Sanctuary | 4 | |
| Scroll of Town Portal | 12 | |
38 total
MyNutUrButt.de (
teal | 81 APM | 4574 actions | 56:10)
7 Archmage
3 Blizzard
3 Brilliance Aura
1 Mass Teleport
6 Blood Mage
3 Flame Strike
2 Siphon Mana
1 Summon Phoenix
» actions
| Assign group hotkey | 27 | |
| Basic commands | 42 | |
| Build / train | 209 | |
| ESC pressed | 7 | |
| Enter build submenu | 187 | |
| Enter hero's abilities submenu | 13 | |
| Right click | 1788 | |
| Select / deselect | 607 | |
| Select group hotkey | 1117 | |
| Use ability | 577 | |
4574 total
» units
| Peasant | 47 | |
| Dragonhawk Rider | 19 | |
| Sorceress | 1 | |
| Mortar Team | 3 | |
70 total
» upgrades
| Masonry | 3 | |
| Magic Sentry | 1 | |
| Armor | 3 | |
| Animal War Training | 1 | |
| Swords | 3 | |
| Cloud | 1 | |
| Lumber Harvesting | 2 | |
| Sorceress Training | 2 | |
| Fragmentation Shards | 1 | |
| Gunpowder | 3 | |
| Flare | 1 | |
21 total
» buildings
| Altar of Kings | 2 | |
| Farm | 11 | |
| Lumber Mill | 3 | |
| Scout Tower | 310 | |
| Arcane Tower | 1 | |
| Guard Tower | 81 | |
| Keep | 1 | |
| Arcane Sanctum | 1 | |
| Gryphon Aviary | 2 | |
| Arcane Vault | 2 | |
| Town Hall | 5 | |
| Blacksmith | 1 | |
| Castle | 1 | |
| Barracks | 1 | |
| Workshop | 2 | |
424 total
» build order
00:15 Altar of Kings
00:20 Farm
00:41 Lumber Mill
00:47 Scout Tower
01:17 Arcane Tower
01:41 Scout Tower
02:08 Guard Tower
02:18 Farm
02:28 Scout Tower
02:52 Scout Tower
02:58 Guard Tower
03:00 Scout Tower
03:23 Guard Tower
03:24 Scout Tower
03:43 Guard Tower
03:54 Guard Tower
03:56 Scout Tower
04:08 Farm
04:20 Scout Tower
04:20 Scout Tower
04:26 Scout Tower
04:27 Scout Tower
04:29 Scout Tower
04:30 Scout Tower
04:30 Scout Tower
04:31 Scout Tower
04:34 Guard Tower
04:38 Scout Tower
04:43 Scout Tower
04:57 Guard Tower
05:33 Guard Tower
05:36 Scout Tower
05:37 Scout Tower
05:38 Scout Tower
05:40 Scout Tower
05:41 Scout Tower
05:53 Guard Tower
06:09 Guard Tower
06:42 Scout Tower
06:45 Scout Tower
06:48 Keep
07:06 Guard Tower
07:27 Scout Tower
07:28 Guard Tower
07:32 Scout Tower
07:33 Scout Tower
07:35 Scout Tower
07:36 Scout Tower
07:39 Guard Tower
07:47 Scout Tower
07:47 Scout Tower
07:49 Scout Tower
07:50 Scout Tower
07:51 Scout Tower
07:52 Scout Tower
07:52 Scout Tower
07:53 Scout Tower
07:54 Scout Tower
07:56 Scout Tower
07:56 Scout Tower
08:01 Guard Tower
08:55 Guard Tower
08:59 Guard Tower
09:02 Guard Tower
09:07 Scout Tower
09:08 Scout Tower
09:09 Scout Tower
09:09 Scout Tower
09:10 Scout Tower
09:11 Scout Tower
09:23 Arcane Sanctum
10:55 Scout Tower
10:59 Guard Tower
11:01 Scout Tower
11:01 Scout Tower
11:02 Scout Tower
11:03 Scout Tower
11:07 Guard Tower
11:50 Farm
11:54 Gryphon Aviary
11:55 Gryphon Aviary
11:57 Arcane Vault
11:58 Farm
11:59 Farm
12:13 Lumber Mill
12:16 Guard Tower
14:25 Town Hall
14:30 Farm
14:31 Blacksmith
14:37 Scout Tower
14:38 Scout Tower
14:40 Scout Tower
14:42 Scout Tower
14:42 Scout Tower
14:43 Scout Tower
14:43 Scout Tower
16:12 Scout Tower
16:13 Scout Tower
16:13 Scout Tower
16:14 Scout Tower
16:14 Scout Tower
16:15 Scout Tower
16:16 Scout Tower
16:23 Farm
16:52 Castle
16:55 Barracks
16:58 Guard Tower
17:01 Guard Tower
17:09 Scout Tower
17:10 Scout Tower
17:12 Scout Tower
17:13 Scout Tower
17:13 Scout Tower
17:14 Scout Tower
17:21 Guard Tower
17:23 Scout Tower
17:24 Scout Tower
17:54 Guard Tower
18:30 Guard Tower
18:39 Guard Tower
19:40 Guard Tower
19:48 Scout Tower
19:49 Scout Tower
19:54 Scout Tower
19:55 Scout Tower
19:56 Scout Tower
20:01 Altar of Kings
20:40 Guard Tower
20:53 Scout Tower
20:55 Scout Tower
20:59 Scout Tower
21:00 Scout Tower
21:31 Scout Tower
21:31 Scout Tower
21:32 Scout Tower
21:33 Scout Tower
21:33 Scout Tower
21:35 Scout Tower
21:36 Scout Tower
21:37 Scout Tower
21:39 Guard Tower
21:45 Scout Tower
21:46 Scout Tower
21:47 Scout Tower
21:47 Scout Tower
22:00 Guard Tower
22:14 Guard Tower
22:39 Scout Tower
22:40 Scout Tower
22:41 Scout Tower
22:41 Scout Tower
22:45 Guard Tower
22:47 Town Hall
23:16 Guard Tower
23:34 Guard Tower
23:36 Scout Tower
23:37 Scout Tower
23:38 Scout Tower
23:39 Scout Tower
23:40 Scout Tower
23:41 Scout Tower
23:42 Scout Tower
23:43 Scout Tower
23:45 Guard Tower
24:20 Scout Tower
24:20 Scout Tower
24:22 Scout Tower
24:22 Scout Tower
24:23 Scout Tower
24:28 Scout Tower
24:28 Scout Tower
24:45 Guard Tower
25:37 Guard Tower
27:09 Guard Tower
27:14 Guard Tower
27:55 Scout Tower
27:56 Scout Tower
27:59 Scout Tower
28:00 Scout Tower
28:04 Scout Tower
28:05 Scout Tower
28:18 Scout Tower
28:19 Scout Tower
28:20 Scout Tower
28:20 Scout Tower
28:21 Scout Tower
28:21 Scout Tower
28:22 Scout Tower
28:23 Scout Tower
28:23 Scout Tower
28:24 Scout Tower
28:24 Scout Tower
28:25 Scout Tower
28:25 Scout Tower
28:26 Scout Tower
28:26 Scout Tower
28:27 Scout Tower
29:50 Guard Tower
29:54 Scout Tower
29:54 Scout Tower
29:55 Scout Tower
29:55 Scout Tower
29:57 Scout Tower
29:57 Scout Tower
29:58 Scout Tower
29:59 Scout Tower
29:59 Scout Tower
30:03 Guard Tower
30:28 Guard Tower
30:31 Guard Tower
30:47 Scout Tower
30:47 Scout Tower
30:48 Scout Tower
30:49 Scout Tower
30:50 Scout Tower
30:51 Scout Tower
30:52 Scout Tower
30:52 Scout Tower
30:53 Scout Tower
30:54 Scout Tower
30:55 Scout Tower
30:55 Scout Tower
31:03 Guard Tower
31:11 Scout Tower
31:12 Scout Tower
31:13 Scout Tower
31:14 Scout Tower
31:18 Scout Tower
31:18 Scout Tower
31:20 Scout Tower
31:20 Scout Tower
31:41 Guard Tower
32:02 Guard Tower
32:11 Guard Tower
32:46 Lumber Mill
32:50 Guard Tower
34:05 Guard Tower
34:14 Scout Tower
34:58 Guard Tower
35:01 Scout Tower
35:03 Scout Tower
35:03 Scout Tower
35:08 Scout Tower
35:10 Scout Tower
35:11 Scout Tower
35:12 Scout Tower
35:41 Scout Tower
35:42 Scout Tower
35:43 Scout Tower
35:44 Scout Tower
35:44 Scout Tower
35:45 Scout Tower
35:46 Scout Tower
35:47 Scout Tower
35:47 Scout Tower
35:51 Scout Tower
36:49 Guard Tower
39:17 Scout Tower
39:18 Scout Tower
39:19 Scout Tower
39:58 Guard Tower
40:08 Scout Tower
40:09 Scout Tower
40:10 Scout Tower
40:17 Arcane Vault
40:31 Guard Tower
40:33 Guard Tower
40:42 Guard Tower
40:48 Guard Tower
40:50 Scout Tower
40:52 Scout Tower
40:53 Scout Tower
40:56 Scout Tower
41:04 Guard Tower
41:55 Guard Tower
42:21 Scout Tower
42:22 Scout Tower
42:23 Scout Tower
43:36 Town Hall
43:48 Scout Tower
43:53 Scout Tower
43:53 Scout Tower
43:54 Scout Tower
43:54 Scout Tower
43:55 Scout Tower
43:55 Scout Tower
43:56 Scout Tower
43:57 Scout Tower
43:58 Scout Tower
43:59 Scout Tower
44:39 Farm
44:40 Farm
44:53 Scout Tower
44:54 Scout Tower
44:55 Scout Tower
44:56 Scout Tower
44:57 Scout Tower
44:57 Scout Tower
44:58 Scout Tower
44:59 Scout Tower
45:00 Scout Tower
45:00 Scout Tower
45:01 Scout Tower
45:02 Scout Tower
45:05 Workshop
45:06 Workshop
45:09 Guard Tower
45:18 Scout Tower
45:19 Scout Tower
45:20 Scout Tower
45:23 Scout Tower
45:26 Guard Tower
45:32 Guard Tower
45:34 Guard Tower
45:59 Farm
46:02 Guard Tower
46:05 Scout Tower
46:05 Scout Tower
46:16 Guard Tower
46:52 Scout Tower
46:53 Scout Tower
47:08 Scout Tower
47:13 Guard Tower
47:15 Scout Tower
47:16 Scout Tower
47:16 Scout Tower
47:17 Scout Tower
47:18 Scout Tower
47:19 Scout Tower
47:20 Scout Tower
47:20 Scout Tower
47:21 Scout Tower
47:22 Scout Tower
47:22 Scout Tower
47:23 Scout Tower
47:24 Scout Tower
47:24 Scout Tower
47:25 Scout Tower
47:25 Scout Tower
47:26 Scout Tower
47:27 Scout Tower
47:30 Guard Tower
47:43 Guard Tower
47:49 Guard Tower
47:51 Scout Tower
48:06 Scout Tower
49:14 Scout Tower
49:15 Scout Tower
49:16 Scout Tower
49:18 Scout Tower
49:27 Guard Tower
49:30 Scout Tower
49:31 Scout Tower
49:32 Scout Tower
49:33 Scout Tower
49:34 Scout Tower
49:34 Scout Tower
49:35 Scout Tower
49:35 Scout Tower
49:37 Scout Tower
49:37 Scout Tower
49:38 Scout Tower
49:39 Scout Tower
49:40 Scout Tower
49:41 Scout Tower
49:43 Scout Tower
49:43 Scout Tower
49:55 Guard Tower
50:52 Guard Tower
50:55 Scout Tower
51:13 Scout Tower
51:14 Scout Tower
51:14 Scout Tower
51:15 Scout Tower
51:17 Scout Tower
51:18 Scout Tower
51:19 Scout Tower
51:31 Guard Tower
51:36 Scout Tower
51:36 Scout Tower
51:37 Scout Tower
51:38 Scout Tower
52:55 Guard Tower
52:56 Scout Tower
52:57 Scout Tower
52:58 Scout Tower
52:59 Scout Tower
53:03 Town Hall
53:18 Guard Tower
53:30 Guard Tower
53:44 Guard Tower
53:55 Guard Tower
54:10 Town Hall
54:18 Guard Tower
54:28 Scout Tower
54:29 Scout Tower
54:30 Scout Tower
54:31 Scout Tower
54:32 Scout Tower
54:33 Scout Tower
54:33 Scout Tower
54:34 Scout Tower
54:35 Scout Tower
54:35 Scout Tower
54:37 Scout Tower
54:37 Scout Tower
54:39 Scout Tower
54:39 Scout Tower
54:40 Scout Tower
54:44 Guard Tower
55:23 Scout Tower
55:24 Scout Tower
55:25 Scout Tower
55:26 Scout Tower
55:39 Guard Tower
55:41 Scout Tower
55:42 Scout Tower
55:42 Scout Tower
55:48 Guard Tower
56:01 Scout Tower
56:02 Scout Tower
56:03 Scout Tower
56:04 Scout Tower
56:04 Scout Tower
» items
| Healing Salve | 1 | |
| Staff of Sanctuary | 2 | |
| Scroll of Regeneration | 7 | |
| Scroll of Town Portal | 4 | |
| Potion of Healing | 3 | |
| Robe of the Magi +6 | 1 | |
18 total
Chat log
(00:08 / All) iggy_the_fisk: hi how is training
(00:49 / Allies) highperches: a nig'll feed
(01:00 / Allies) iggy_the_fisk: doubt it
(01:23 / Allies) MyNutUrButt.de: lum
(01:48 / Allies) highperches: scoutede
(01:57 / Allies) ChiefSitsOnDix: aye
(02:02 / Allies) MyNutUrButt.de: more like: dicsk
(02:08 / Allies) highperches: i love those things
(02:13 / Allies) MyNutUrButt.de: me too.
(03:05 / Allies) highperches: some towers would have been good this game
(03:20 / Allies) MyNutUrButt.de: snoobs on bot
(03:27 / Allies) highperches: send some militia or something
(03:29 / Allies) ChiefSitsOnDix: this guy teching
(03:34 / Allies) highperches: nah we good
(03:48 / Allies) MyNutUrButt.de: they attking top
(04:12 / Allies) MyNutUrButt.de: ty
(05:00 / Allies) highperches: iggy hates towers so much
(05:02 / Allies) MyNutUrButt.de: holy crapola
(05:03 / Allies) highperches: cannot be expressed in words
(05:16 / Allies) ChiefSitsOnDix: looks like someone needs my help
(05:29 / Allies) ChiefSitsOnDix: I am happy to give it
(05:35 / Allies) ChiefSitsOnDix: in about 4 minutes when I arrive
(05:55 / Allies) highperches: is funny
(06:02 / Allies) highperches: they think i'm as noob as iggy
(06:03 / Allies) highperches: and try to sur
(06:14 / Allies) MyNutUrButt.de: oh boy coming bot ugh1
(06:22 / Allies) MyNutUrButt.de: makea some tower
(06:31 / Allies) highperches: he puts all his shit on patrol
(06:35 / Allies) highperches: so he won't have to build towers ever
(06:42 / Allies) iggy_the_fisk: i hate it
(06:53 / Allies) MyNutUrButt.de: any $$
(07:00 / Allies) MyNutUrButt.de: PWNED
(07:07 / Allies) ChiefSitsOnDix: ugh
(07:43 / Allies) MyNutUrButt.de: tow base a little
(07:44 / Allies) MyNutUrButt.de: for air
(08:08 / Allies) MyNutUrButt.de: noob
(08:13 / Allies) MyNutUrButt.de: holy crapola
(08:37 / Allies) highperches: christ iggy build some towers
(08:51 / Allies) highperches: we all sitting here with 10000 gold waiting on you to hit zz
(09:40 / Allies) MyNutUrButt.de: any sources
(10:23 / Allies) highperches: sweet boots for me..
(11:08 / Allies) iggy_the_fisk: sourcfes
(11:31 / Allies) highperches: yo one of you top noobs that have nothing to do
(11:34 / Allies) highperches: opencrak mid and tower it
(11:45 / Allies) MyNutUrButt.de: sec
(11:49 / Allies) highperches: also get aa
(12:07 / Allies) MyNutUrButt.de: source.s
(12:21 / Allies) highperches: use your blizz
(12:29 / All) MyNutUrButt.de: LMFAO!
(12:40 / Allies) highperches: use your blizz
(12:43 / Allies) highperches: use your blizz
(12:46 / Allies) highperches: use your blizz
(12:57 / Allies) MyNutUrButt.de: use it & abuse it
(13:35 / Allies) ChiefSitsOnDix: ice revenant worth using
(13:39 / Allies) highperches: sure he has nova
(13:46 / Allies) MyNutUrButt.de: and vamp aura
(13:51 / Allies) highperches: a shitty one tho
(14:38 / Allies) ChiefSitsOnDix: uh oh
(14:47 / Allies) highperches: ugh
(14:48 / Allies) MyNutUrButt.de: bat it
(14:51 / Allies) ChiefSitsOnDix: no bats
(14:53 / Allies) ChiefSitsOnDix: b/c noob
(14:53 / Allies) highperches: so top is even more noob than bot it turns out
(15:00 / Allies) highperches: they just haven't been attacked yet
(15:04 / Allies) highperches: but 1 gryph and a hawk and they die
(15:12 / Allies) highperches: 2 gryph i mean
(16:05 / Allies) iggy_the_fisk: gold
(16:38 / Allies) highperches: ha ha
(16:42 / Allies) MyNutUrButt.de: share noob fag
(16:43 / Allies) highperches: who could have imagined
(16:45 / Allies) highperches: they would attack
(16:46 / Allies) highperches: with air
(17:29 / Allies) iggy_the_fisk: thx ogre lord
(17:37 / Allies) iggy_the_fisk: lum
(17:48 / Allies) highperches: holy shit
(17:49 / Allies) highperches: top is gone?
(17:52 / Allies) highperches: jesus christ
(18:10 / Allies) highperches: hold bot
(18:11 / Allies) highperches: iggy
(18:12 / Allies) highperches: top needs help
(19:42 / Allies) highperches: gl top
(19:45 / Allies) highperches: let me know when you fold
(20:05 / Allies) ChiefSitsOnDix: can Iget some gold
(20:08 / Allies) iggy_the_fisk: sources
(20:09 / Allies) iggy_the_fisk: of all kinds
(20:45 / Allies) highperches: cast
(20:46 / Allies) highperches: blizzard
(20:47 / Allies) highperches: on enemy
(20:47 / Allies) MyNutUrButt.de: lym
(20:49 / Allies) MyNutUrButt.de: lum
(21:04 / Allies) MyNutUrButt.de: lum
(21:20 / Allies) highperches: tower base then
(22:00 / Allies) highperches: towers
(22:33 / Allies) MyNutUrButt.de: where is blade.
(22:41 / Allies) ChiefSitsOnDix: coming
(23:52 / Allies) highperches: i'll brb
(23:56 / Allies) highperches: hold out a while longer
(24:27 / Allies) highperches: tower this in earnest then
(24:32 / Allies) iggy_the_fisk: g o l d
(24:46 / Allies) MyNutUrButt.de: lum
(24:57 / Allies) MyNutUrButt.de: coming
(25:04 / Allies) ChiefSitsOnDix: lag like ugh
(25:13 / Allies) iggy_the_fisk: lum
(25:27 / Allies) highperches: gonna mount a strong defense here
(25:34 / Allies) ChiefSitsOnDix: gold me for bats plz
(25:48 / Allies) iggy_the_fisk: uses these hawks
(25:49 / Allies) iggy_the_fisk: gl
(25:57 / Allies) MyNutUrButt.de: i have hawk
(26:04 / Allies) iggy_the_fisk: now you have more
(26:35 / Allies) ChiefSitsOnDix: gold for revive tia
(27:03 / Allies) ChiefSitsOnDix: 6 gold for revive
(27:12 / Allies) ChiefSitsOnDix: ty
(27:18 / Allies) highperches: goin
(27:33 / Allies) MyNutUrButt.de: buy me 2nd tp
(27:39 / Allies) MyNutUrButt.de: quick
(27:58 / Allies) highperches: damn
(28:01 / Allies) highperches: now top is on bot
(28:07 / Allies) MyNutUrButt.de: hitting them
(28:08 / Allies) highperches: force some tps
(28:15 / Allies) highperches: we have little antishacklde
(28:19 / Allies) highperches: anti cloud i mean!
(28:29 / Allies) MyNutUrButt.de: expand
(28:32 / Allies) ChiefSitsOnDix: I got 4 bats
(28:40 / Allies) highperches: we took c/o
(28:52 / Allies) MyNutUrButt.de: snag&bag
(28:52 / Allies) highperches: i'm gonna grind towers until i get 6
(28:56 / Allies) highperches: then i'm gonna run around and charm all year
(29:03 / Allies) highperches: get some cannon twoers
(29:24 / Allies) highperches: taking that
(29:38 / Allies) MyNutUrButt.de: 3 of them on right
(30:12 / Allies) highperches: can we bat any one of his 100 gyros
(30:23 / Allies) highperches: also going 100 food
(30:25 / Allies) highperches: anyone want my expo?
(30:26 / Allies) highperches: iggy?
(30:29 / Allies) iggy_the_fisk: yea
(30:35 / Allies) MyNutUrButt.de: lum me
(30:36 / Allies) highperches: uproot it when you're done building
(30:43 / Allies) MyNutUrButt.de: expo
(31:08 / Allies) MyNutUrButt.de: somebody creep mid
(31:44 / Allies) MyNutUrButt.de: lum
(32:14 / Allies) highperches: buy robe of magi
(32:14 / Allies) highperches: pleaze
(32:19 / Allies) MyNutUrButt.de: im out of $
(32:24 / Allies) highperches: someone do it
(32:25 / Allies) highperches: gosh
(32:26 / Allies) highperches: before i sell this boots
(32:28 / Allies) MyNutUrButt.de: waiting on gold
(32:29 / Allies) MyNutUrButt.de: god
(32:30 / Allies) MyNutUrButt.de: sec
(32:57 / Allies) MyNutUrButt.de: help
(33:13 / Allies) highperches: coming down but i think you got really
(34:00 / Allies) iggy_the_fisk: lumbo
(34:26 / Allies) MyNutUrButt.de: we need mad bat for they gyro
(34:43 / Allies) ChiefSitsOnDix: gold me
(34:47 / Allies) ChiefSitsOnDix: I'll make mad bats
(35:01 / Allies) highperches: dont
(35:03 / Allies) highperches: crep anything
(35:07 / Allies) highperches: i want to charm level 5 creeps
(35:09 / Allies) highperches: and healers
(35:22 / Allies) iggy_the_fisk: creepin mid anyway nazi
(35:29 / Allies) iggy_the_fisk: time to rebuild a fortress
(36:03 / Allies) highperches: dibs on bracers
(36:08 / Allies) highperches: i said it first sorry
(36:09 / Allies) MyNutUrButt.de: dibs on lum
(36:11 / Allies) MyNutUrButt.de: brb letting dog in
(36:13 / All) MyNutUrButt.de: brb pizz
(36:24 / All) train.accc: u got enough tower
(36:31 / Allies) highperches: chims inc
(36:34 / Allies) highperches: gonna go for a charm or 2
(36:40 / Allies) highperches: also look
(38:11 / Allies) ChiefSitsOnDix: lumber
(38:12 / Allies) MyNutUrButt.de: fuck me i lose mad
(38:19 / Allies) highperches: are there any really imba hero combos i can make by charming workers this game
(38:44 / Allies) ChiefSitsOnDix: kewl
(38:50 / Allies) MyNutUrButt.de: repair
(39:35 / Allies) highperches: why you all stop building towers
(39:44 / Allies) highperches: if mata were here he'd be ashamed of u
(40:39 / Allies) highperches: >118 food should wrap around to no upkeep
(40:46 / Allies) highperches: i mean >100 food but same thng
(40:53 / Allies) ChiefSitsOnDix: >255 wraps
(40:56 / Allies) highperches: does it?
(40:59 / Allies) highperches: i've had close to that
(41:01 / Allies) ChiefSitsOnDix: probably not
(41:08 / Allies) highperches: yeah it would be int_max
(41:11 / Allies) ChiefSitsOnDix: but it should
(41:12 / Allies) highperches: which is 2^32 or somethnig
(41:13 / Allies) MyNutUrButt.de: clouding mata
(41:14 / Allies) MyNutUrButt.de: gop
(41:19 / Allies) iggy_the_fisk: awelp
(41:20 / Allies) highperches: also are we going to let them take this?
(41:20 / Allies) iggy_the_fisk: mass tp
(41:22 / Allies) MyNutUrButt.de: gyro
(41:23 / Allies) MyNutUrButt.de: nm
(41:53 / Allies) iggy_the_fisk: lum
(42:00 / Allies) highperches: also is my base gone?
(42:28 / Allies) highperches: i'm going to defend that i guezz
(42:37 / Allies) highperches: paladin
(42:46 / Allies) MyNutUrButt.de: retard faggot
(43:19 / Allies) highperches: gay!
(43:39 / Allies) highperches: no more lumber
(43:41 / Allies) highperches: i guesss
(44:01 / Allies) MyNutUrButt.de: my name iggy
(44:08 / Allies) MyNutUrButt.de: i think blizzarding tim's gold workers is best fucking idea
(44:36 / Allies) iggy_the_fisk: am the only worthwhile thing to kill
(44:51 / Allies) ChiefSitsOnDix: this is a lot of bats
(45:11 / Allies) highperches: where bats?
(45:19 / Allies) ChiefSitsOnDix: they got mad bats
(45:23 / Allies) highperches: i said
(45:23 / Allies) highperches: where
(45:24 / Allies) ChiefSitsOnDix: my bats
(45:29 / Allies) ChiefSitsOnDix: theirs
(45:39 / Allies) highperches: oh well they hide when my dr comes
(45:41 / Allies) highperches: i need invis
(45:56 / Allies) MyNutUrButt.de: invis coming right uip
(46:07 / Allies) MyNutUrButt.de: lum
(46:30 / Allies) highperches: had to detonate all wisp
(46:31 / Allies) highperches: so
(47:49 / Allies) highperches: orc has tiny hall
(47:53 / Allies) highperches: i think they're planning on tping thru
(49:48 / Allies) ChiefSitsOnDix: goodbye blues tech
(50:04 / Allies) MyNutUrButt.de: somebody get that
(50:14 / Allies) MyNutUrButt.de: welp
(50:15 / Allies) MyNutUrButt.de: gg.
(50:18 / Allies) highperches: i just owned blue tleast
(50:33 / Allies) highperches: i'll come help a noob on top i guess
(50:42 / Allies) highperches: though you're noobs for letting it get that bad
(51:00 / Allies) MyNutUrButt.de: is green even playing this game idk.
(51:09 / Allies) highperches: haha
(51:11 / Allies) highperches: he's like tabbed on hold
(51:12 / Allies) highperches: 5 feed from expo
(51:24 / Allies) highperches: ok timg back up my army
(51:43 / Allies) iggy_the_fisk: orc tech up in mid
(51:46 / Allies) iggy_the_fisk: or somewhere safe
(51:56 / Allies) ChiefSitsOnDix: k
(52:45 / All) ChiefSitsOnDix: 2ez
(52:48 / Allies) highperches: i only brought out my chim too
(53:09 / Allies) iggy_the_fisk: was anyone besides orange playing for them at the end
(53:15 / Allies) highperches: yeah blue and other guy
(53:17 / Allies) highperches: fighting me at bottom
(53:18 / Allies) highperches: red
(53:31 / Allies) highperches: purple i think tabbed out when i charmed his chim
(53:40 / Allies) MyNutUrButt.de: lum
(53:49 / Allies) iggy_the_fisk: i was gonna own at mid
(53:52 / Allies) highperches: that'as my last lum
(54:00 / Allies) iggy_the_fisk: you have
(54:02 / Allies) iggy_the_fisk: lum income
(54:04 / Allies) highperches: a i c
(54:18 / Allies) highperches: gonna make some dinn
(54:18 / Allies) highperches: brb
(55:17 / Allies) ChiefSitsOnDix: you got any scan towers?
(55:30 / Allies) MyNutUrButt.de: i makea some for you
(55:33 / Allies) ChiefSitsOnDix: ty
(55:42 / Allies) ChiefSitsOnDix: hahaha
(55:50 / Allies) ChiefSitsOnDix: sending bats
(55:51 / Allies) MyNutUrButt.de: bat this.